 Dungeon Crawl Stone Soup version 0.18.1-50-g88ac8fd (webtiles) character file.

96 CountDeLaPain the Conjurer (level 4, 0/33 HPs)
             Began as a Draconian Conjurer on Oct 7, 2016.
             Succumbed to a kobold's poison
             ... on level 3 of the Dungeon.
             The game lasted 00:05:39 (2287 turns).

CountDeLaPain the Conjurer (Draconian Conjurer)     Turns: 2287, Time: 00:05:40

Health: 0/33       AC:  7    Str: 10    XL:     4   Next: 41%
Magic:  5/7        EV: 12    Int: 17    God:
Gold:   136        SH:  0    Dex: 11    Spells: 1 memorised, 7 levels left

rFire  . . .     SeeInvis .     m - +1 flail (holy)
rCold  . . .     Gourm    .     (armour unavailable)
rNeg   . . .     Faith    .     (no shield)
rPois  .         Spirit   .     (helmet restricted)
rElec  .         Dismiss  .     o - +0 cloak (curse)
rCorr  .         Reflect  .     (no gloves)
SustAt .         Harm     .     e - +0 pair of boots
MR     .....                    (no amulet)
Stlth  ++........               (no ring)
                                (no ring)

@: lethally poisoned (0 -> -29), very slightly contaminated, hasted, very quick,
not resistant to hostile enchantments, unstealthy
A: unfitting armour, cold-blooded, AC +5
a: no special abilities


You were on level 3 of the Dungeon.
You were near starving.

You visited 1 branch of the dungeon, and saw 3 of its levels.

You collected 136 gold pieces.

Inventory:

Hand Weapons
 m - a +1 flail of holy wrath (weapon)
 n - a +0 mace
Armour
 e - a +0 pair of boots (worn)
 o - a cursed +0 cloak (worn)
Scrolls
 c - a scroll of enchant armour {unknown}
 h - 2 scrolls of identify {unknown}
 j - a scroll of enchant weapon {unknown}
 k - a scroll of fear {unknown}
 p - 2 scrolls of teleportation {unknown}
Potions
 q - a potion of magic
Books
 a - a book of Conjurations

   Spells                             Type                      Level
   a - Magic Dart                     Conjuration                  1
   b - Searing Ray                    Conjuration                  2
   c - Dazzling Spray                 Conjuration/Hexes            3
   d - Fulminant Prism                Conjuration/Hexes            4
   e - Iskenderun's Mystic Blast      Conjuration                  4
   f - Iskenderun's Battlesphere      Conjuration/Charms           5
Comestibles
 b - 2 bread rations
 d - 3 fruits
 f - a meat ration
 i - a beef jerky


   Skills:
 + Level 2.3 Dodging
 + Level 2.3 Stealth
 - Level 0.6 Unarmed Combat
 + Level 2.5 Spellcasting
 + Level 4.9 Conjurations


You had 7 spell levels left.
You knew the following spells:

 Your Spells              Type           Power        Failure   Level  Hunger
a - Magic Dart            Conj           ###.         2%          1    #......


Dungeon Overview and Level Annotations

Branches:
Dungeon (3/15)

Altars:


Innate Abilities, Weirdness & Mutations

Your plain brown scales are hard (AC +5).
Your body does not fit into most forms of armour.
You are cold-blooded and may be slowed by cold attacks.


Message History

Aiming: Magic Dart
Press: ? - help, Shift-Dir - straight line, f/p - hobgoblin
Aim: a hobgoblin (heavily wounded)
The magic dart hits the hobgoblin.
The hobgoblin is almost dead.
* * * LOW HITPOINT WARNING * * *
You feel sick.
The kobold shoots a poisoned needle.
The poisoned needle hits you.
You are more poisoned.
The hobgoblin hits you but does no damage.
* * * LOW HITPOINT WARNING * * *
You feel sick.
* * * LOW HITPOINT WARNING * * *
You feel sick.
* * * LOW HITPOINT WARNING * * *
You feel sick.
You are near starving!
* * * LOW HITPOINT WARNING * * *
You feel sick.
You die...

... ..#.# ###.###.#.# #
# ...#.#.#.#.#
###.###.#.#.....###
.........K(........
........g((.....##
#.#.###.###.#.#.#
#.#...# ..# #
###.###@###.#.#
..............#
#...#.##.####.# ##
#.......#.# ##.####.#.#
###### #.# #.#.# #....#
######.####.#.###.##.#
#....................###
#.####.####.#.###.#.....


You could see a hobgoblin.

Vanquished Creatures
  3 gnolls (D:2)
  2 adders (D:2)
  2 oozes (D:2)
  A giant gecko (D:1)
  An orc (D:3)
  5 giant cockroaches
  4 goblins
  4 hobgoblins
  2 ball pythons
  6 bats
  6 giant newts
  3 kobolds
  A rat (D:1)
40 creatures vanquished.

Notes
Turn   | Place    | Note
--------------------------------------------------------------
     0 | D:1      | CountDeLaPain the Draconian Conjurer began the quest for the Orb.
     0 | D:1      | Reached XP level 1. HP: 14/14 MP: 3/3
   352 | D:1      | Reached XP level 2. HP: 20/20 MP: 0/5
   942 | D:2      | Reached XP level 3. HP: 26/26 MP: 0/6
  1693 | D:2      | Reached XP level 4. HP: 33/33 MP: 2/7
  2286 | D:3      | HP: 1/33 [poisoned by a kobold]
  2287 | D:3      | Succumbed to a kobold's poison

Skill      XL: |  1  2  3 |
---------------+----------+-----
Dodging        | 2 |  2.3
Stealth        | 2 |  2.3
Unarmed Combat | |  0.6
Spellcasting   | |  2.5
Conjurations   | |  4.9

Action                   |  1- 3 |  4- 6 || total
-------------------------+-------+-------++-------
Melee: Unarmed           |    24 |       ||    24
       Mace              |       |     7 ||     7
       Tailslap          |       |     2 ||     2
 Cast: Magic Dart        |    74 |    19 ||    93
  Use: Potion            |       |     3 ||     3
  Eat: Chunk             |     4 |       ||     4
Armor: Skin              |    20 |     6 ||    26
Dodge: Dodged            |    38 |    15 ||    53
